 Dungeon Crawl Stone Soup version 0.30-a0-587-gfd7c166f36 (webtiles) character file.

Game seed: 14407337229552492353

2686 Bnni the Jinx (level 9, -2/66 (68) HPs)
             Began as a Formicid Hexslinger on Jan 4, 2023.
             Was a Believer of Okawaru.
             Slain by a hound (4 damage)
             ... on level 6 of the Dungeon.
             The game lasted 00:14:20 (7675 turns).

Bnni the Jinx (Formicid Hexslinger)                 Turns: 7675, Time: 00:14:20

HP:   -2/66 (68)    AC:  2    Str: 15    XL:     9   Next: 96%
MP:   9/15          EV: 15    Int: 15    God:    Okawaru [**....]
Gold: 677           SH:  0    Dex: 16    Spells: 5/16 levels left

rFire   . . .      SeeInvis +    a - +4 sling
rCold   . . .      Faith    .    (no shield)
rNeg    . . .      Spirit   .    c - +0 robe
rPois   .          Reflect  .    (helmet unavailable)
rElec   .          Harm     .    (no cloak)
rCorr   .          Rampage  .    (no gloves)
Will    .....                    (no boots)
Stlth   +++                      (no amulet)
HPRegen 0.31/turn                q - ring of wizardry
MPRegen 0.14/turn                (no ring)

@: heroic, studying Maces & Flails, lightly drained
A: permanent stasis, dig shafts and tunnels, antennae 3, four strong arms
a: Dig, Shaft Self, Renounce Religion, Heroism


You were on level 6 of the Dungeon.
You worshipped Okawaru.
Okawaru was pleased with you.
You visited 2 branches of the dungeon, and saw 8 of its levels.
You also visited: Ossuary.

You collected 677 gold pieces.

Inventory:

Hand Weapons
 a - a +4 sling (weapon)
 o - the +6 whip "Elet" {holy, rF+ MP+9 Int+5}
   (You found it on level 6 of the Dungeon)

   It has been blessed by the Shining One to cause great damage to the undead
   and demons.
   Int:       It affects your intelligence (+5).
   rF:        It protects you from fire.
   MP:        It affects your magic capacity (+9).
Missiles
 e - 14 poisoned darts
 g - 2 curare-tipped darts
Armour
 c - a +0 robe (worn)
Jewellery
 q - a ring of wizardry (left hand)
Wands
 s - a wand of paralysis (7)
Scrolls
 b - 3 scrolls of poison
 d - a scroll of enchant armour {unknown}
 i - 3 scrolls of immolation {unknown}
 k - 2 scrolls of fog {unknown}
 l - a scroll of blinking {unknown}
 m - a scroll of noise {unknown}
 r - 2 scrolls of amnesia {unknown}
 u - a scroll of brand weapon {unknown}
 w - a scroll of fear {unknown}
 y - a scroll of magic mapping {unknown}
Potions
 h - a potion of flight
 j - 3 potions of magic
 p - 3 potions of mutation
 t - 2 potions of curing
 v - a potion of lignification {unknown}
 x - a potion of degeneration {unknown}


   Skills:
 + Level 5.2(10.2) Fighting
 * Level 6.8(11.8) Ranged Weapons
 + Level 2.0(7.0) Dodging
 - Level 4.0 Spellcasting
 * Level 8.9 Hexes
 - Level 3.0 Translocations
 - Level 3.0 Fire Magic
 + Level 4.1 Invocations


You had 5 spell levels left.
You knew the following spells:

 Your Spells              Type           Power      Damage    Failure   Level
a - Slow                  Hex            100%       N/A       1%          1
b - Inner Flame           Hex/Fire       20%        N/A       1%          3
c - Portal Projectile     Hex/Tloc       40%        N/A       1%          3
d - Cause Fear            Hex            14%        N/A       1%          4

Your spell library contained the following spells:

 Spells                   Type           Power      Damage    Failure   Level
 Magic Dart               Conj           12%        1d3       8%          1
 Mephitic Cloud           Conj/Pois/Air  3%         N/A       21%         3
 Call Imp                 Summ           Unusable   N/A       N/A         2

Dungeon Overview and Level Annotations

Branches:
Dungeon (7/15)             Temple (1/1) D:5         Ossuary (visited)

Altars:
Ashenzari
Cheibriados
Dithmenos
Elyvilon
Fedhas
Gozag
Hepliaklqana
Kikubaaqudgha
Makhleb
Nemelex Xobeh
Okawaru
Qazlal
Ru
Sif Muna
Trog
Vehumet
Wu Jian
Xom
Yredelemnul
Zin
The Shining One

Shops:
D:7 ?

Annotations:
Temple 2 transporters


Innate Abilities, Weirdness & Mutations

You cannot be hasted, slowed, berserked, paralysed or teleported.
You can dig through walls and to a lower floor.
You have a pair of large antennae on your head. (SInv)
Your four strong arms can wield two-handed weapons with a shield.


Message History

There is a stone staircase leading down, spattered with blood here.
Okay, then.
Aiming: Paralyse
Press: ? - help, Shift-Dir - straight line, f - wight
Aim: a wight, wielding a +4 short sword and wearing a +0 robe (chance to affect: 49%)
The wight suddenly stops moving!
The hound barely misses you. The wight hits you with a +3 falchion.
The hound bites you.
* * * LOW HITPOINT WARNING * * *
Aiming: Paralyse
Press: ? - help, Shift-Dir - straight line, f - wight, p - wight
Aim: a wight, wielding a +3 falchion and wearing a +0 robe (chance to affect: 49%)
The wight resists with some effort.
The wight hits you with a +3 falchion!
* * * LOW HITPOINT WARNING * * *
The hound barely misses you.
You feel better. The hound closely misses you.
The wight hits you with a +3 falchion!
* * * LOW HITPOINT WARNING * * *
The hound closely misses you.
You gain the combat prowess of a mighty hero.
The wight hits you with a +3 falchion.
* * * LOW HITPOINT WARNING * * *
The hound bites you.
* * * LOW HITPOINT WARNING * * *
You feel better. The hound completely misses you. The wight closely misses you.
The hound completely misses you.
Aiming: Paralyse
Press: ? - help, Shift-Dir - straight line, f/p - wight
Aim: a wight, wielding a +3 falchion and wearing a +0 robe (chance to affect: 49%)
The wight suddenly stops moving!
The hound misses you. The hound attacks as you move away! The hound misses you.
The wight is no longer paralysed.
The hound completely misses you. The hound attacks as you move away!
The hound bites you but does no damage. The wight attacks as you move away!
The wight hits you with a +4 short sword.
* * * LOW HITPOINT WARNING * * *
You feel drained.
* * * LOW HITPOINT WARNING * * *
The hound attacks as you move away! The hound closely misses you.
The hound bites you.
You die...

...........#### ##.#.........<.##
............# ##...........#.###
............####.................
..............................#.#
............##...?........##.....
............##..####...######....
.................<...............
..........#.##..[...........#....
#.####.#.......z@..........##.###
#.####....##..).h..........##.###
.............[.............##...#
#.........#..>.............##.#.#
#...##.......z.............##.#.#
..####..........................#
..####........#.?...............#
(...................##.####.....#
............#####......####.....#


You could see a hound and 2 wights.

Vanquished Creatures
  A vampire mosquito (D:5)
  A water moccasin (D:7)
  An ice beast (D:5)
  A sky beast (D:6)
  2 black bears
  A centaur (D:6)
  2 phantoms
  2 kobold brigands (D:6)
  2 bullfrogs (D:6)
  A necrophage (D:6)
  3 scorpions
  A wight (D:7)
  A jelly (D:5)
  6 electric eels (D:5)
  A howler monkey (D:7)
  A centaur zombie (Ossuary)
  3 hounds
  A gnoll bouda (D:6)
  5 orc priests
  4 iguanas
  8 orc wizards
  2 mummies (Ossuary)
  6 gnolls
  8 river rats (D:6)
  5 adders
  5 shadow imps
  2 ufetubi
  A worm (D:2)
  5 dart slugs
  29 orcs
  4 endoplasms
  10 giant cockroaches
  A gnoll zombie (Ossuary)
  4 goblins
  2 hobgoblins
  3 jackals (D:2)
  8 quokkas
  6 ball pythons
  8 bats
  4 frilled lizards
  5 goblin zombies (Ossuary)
  4 hobgoblin zombies (Ossuary)
  11 kobolds
  3 orc zombies (Ossuary)
  A quokka zombie (D:6)
  21 rats
  A rat zombie (D:6)
207 creatures vanquished.

Vanquished Creatures (others)
  3 plants (D:5)
  5 toadstools (D:1)
8 creatures vanquished.

Grand Total: 215 creatures vanquished

Notes
Turn   | Place    | Note
-------+----------+-------------------------------------------
     0 | D:1      | Bnni the Formicid Hexslinger began the quest for the Orb.
     0 | D:1      | Reached XP level 1. HP: 15/15 MP: 2/2
   182 | D:1      | Reached XP level 2. HP: 19/21 MP: 3/3
   774 | D:2      | Reached skill level 1 in Fire Magic
   774 | D:2      | Reached XP level 3. HP: 16/26 MP: 3/5
   782 | D:2      | Reached skill level 4 in Hexes
   907 | D:2      | Learned a level 3 spell: Inner Flame
  1028 | D:2      | Reached XP level 4. HP: 13/33 MP: 4/6
  1246 | D:2      | Found a faded altar of an unknown god.
  1297 | D:2      | Reached XP level 5. HP: 12/38 MP: 5/7
  1658 | D:3      | Found a transporter.
  1913 | D:3      | Found a transporter.
  2117 | D:3      | Reached XP level 6. HP: 29/45 MP: 8/8
  2364 | D:4      | Reached skill level 5 in Hexes
  2371 | D:4      | Learned a level 4 spell: Cause Fear
  2489 | D:4      | Noticed a black bear
  2500 | D:4      | Killed a black bear
  2501 | D:4      | Reached XP level 7. HP: 51/51 MP: 5/10
  3075 | D:4      | Reached skill level 1 in Translocations
  3402 | D:4      | Found a broken altar of Ashenzari.
  3525 | D:5      | Entered Level 5 of the Dungeon
  4141 | D:5      | Reached skill level 6 in Hexes
  4467 | D:5      | Found a staircase to the Ecumenical Temple.
  4499 | Temple   | Entered the Ecumenical Temple
  4499 | Temple   | Found a transporter.
  4499 | Temple   | Found a transporter.
  4501 | Temple   | Found a transporter.
  4501 | Temple   | Found a transporter.
  4524 | Temple   | Became a worshipper of Warmaster Okawaru
  4545 | D:5      | Learned a level 3 spell: Portal Projectile
  4580 | D:5      | Reached XP level 8. HP: 53/58 MP: 12/12
  4664 | D:5      | Reached skill level 1 in Invocations
  5012 | D:5      | Reached skill level 5 in Ranged Weapons
  5569 | D:5      | Reached * piety under Okawaru
  5570 | D:5      | Reached skill level 7 in Hexes
  5684 | D:6      | Found a sand-covered staircase.
  5700 | Ossuary  | Entered an ossuary
  5830 | Ossuary  | Reached XP level 9. HP: 47/65 MP: 14/14
  6080 | D:6      | Identified the +6 whip "Elet" {holy, rF+ MP+9 Int+5}
  6496 | D:6      | Reached skill level 8 in Hexes
  6681 | D:6      | Reached ** piety under Okawaru
  7193 | D:7      | Found Yghuvot's Magic Scroll Shop.
  7218 | D:7      | Reached skill level 5 in Fighting
  7286 | D:7      | Found an opulent altar of Gozag.
  7670 | D:6      | HP: 3/68 [wight/+3 falchion (4)]
  7675 | D:6      | HP: 3/68 [wight/+4 short sword (6)]
  7675 | D:6      | Slain by a hound

Illustrated notes

Levels and vault maps discovered:
D:1:      ldierk_walled_garden, layout_basic, dk_noncrumbling_2, nrook_campfire
D:2:      minmay_roachtagon, layout_rooms,
          hellmonk_ecumenical_altar_pennies_from_heaven,
          kennysheep_generic_room_13
D:3:      gammafunk_wand_slinger, layout_rooms, chequers_serial_rivers_room_a
D:4:      layout_basic, lemuel_crystal_altar
D:5:      cheibrodos_two_vegetables, layout_gridville,
          minmay_temple_entry_poolview
D:6:      lemuel_ratsnest, layout_rooms, enter_ossuary_4, amethyst_killhole
D:7:      layout_basic, mainiacjoe_overflow_large_starburst,
          ebering_ghost_disaster_area, serial_shops, shop, kennysheep_mini_moat,
          nicolae_shop_behind_doors, shop
Temple:   hellmonk_temple_divided_pantheon

Skill      XL: |  1  2  3  4  5  6  7  8  9 |
---------------+----------------------------+-----
Fire Magic     | 1 2 3 |  3.0
Hexes          | 4 5 6 7 8 |  8.9
Ranged Weapons | 3 4 5 6 |  6.8
Fighting       | 2 3 4 5 |  5.2
Spellcasting   | 2 3 4 |  4.0
Translocations | 1 3 |  3.0
Invocations    | 2 4 |  4.1
Dodging        | 2 |  2.0

Action                   |  1- 3 |  4- 6 |  7- 9 || total
-------------------------+-------+-------+-------++-------
Melee: Whip              |       |       |     1 ||     1
 Fire: Sling             |   104 |   138 |   485 ||   727
 Cast: Slow              |     1 |     6 |    18 ||    25
       Inner Flame       |       |     1 |    17 ||    18
       Cause Fear        |       |       |     8 ||     8
       Portal Projectile |       |       |     2 ||     2
Invok: Heroism           |       |       |     1 ||     1
 Abil: Dig               |     1 |       |     2 ||     3
Evoke: Wand              |       |     3 |     7 ||    10
  Use: Potion            |       |     1 |     3 ||     4
       Scroll            |       |     3 |     2 ||     5
Armor: Robe              |    13 |    19 |    29 ||    61
Dodge: Dodged            |    42 |    66 |   148 ||   256

Table legend: (Time is in decaauts)
 A = Elapsed time spent in this place.
 B = Non-inter-level travel time spent in this place.
 C = Inter-level travel time spent in this place.
 D = Time resting spent in this place.
 E = Time spent auto-exploring this place.
 F = Levels seen in this place.
 G = Mean time per level.
                   A        B        C        D        E       F      G
               +--------+--------+--------+--------+--------+-----+--------+
         Total |   7830 |   7627 |    203 |   1851 |   4260 |   9 |  870.0 |
       Dungeon |   7518 |   7328 |    190 |   1721 |   4204 |   7 | 1074.0 |
        Temple |     40 |     27 |     13 |      0 |      6 |   1 |   40.0 |
       Ossuary |    271 |    271 |      0 |    130 |     50 |   1 |  271.0 |
               +--------+--------+--------+--------+--------+-----+--------+

Top non-repeatable levels by time:
     D:5: 1883 daAuts
     D:6: 1637 daAuts
     D:4: 1537 daAuts
     D:1: 855 daAuts
     D:2: 822 daAuts
     D:3: 649 daAuts
 Ossuary: 271 daAuts
     D:7: 133 daAuts
  Temple: 40 daAuts
